 Dungeon Crawl Stone Soup version 0.18.1-8-gdd0e5ea (webtiles) character file.

1760 simples the Impaler (level 9, 0/96 HPs)
             Began as a Merfolk Berserker on May 29, 2016.
             Was a Priest of Trog.
             Slain by an eight-headed hydra (9 damage)
             ... on level 7 of the Dungeon.
             The game lasted 00:07:21 (6931 turns).

simples the Impaler (Merfolk Berserker)             Turns: 6931, Time: 00:07:21

Health: 0/96       AC: 10    Str: 26    XL:     9   Next: 7%
Magic:  9/9        EV: 11    Int:  6    God:    Trog [***...]
Gold:   347        SH:  0    Dex: 13    Spells: 0 memorised, 8 levels left

rFire  . . .     SeeInvis .     a - +0 spear
rCold  . . .     Gourm    .     e - +0 scale mail
rNeg   . . .     Faith    .     (no shield)
rPois  .         Spirit   .     H - +2 helmet
rElec  .         Dismiss  .     (no cloak)
rCorr  .         Reflect  .     (no gloves)
SustAt .         Harm     .     m - +0 pair of boots
MR     .....                    (no amulet)
Stlth  ..........               (no ring)
                                (no ring)

@: berserking, very quick, not resistant to hostile enchantments, extremely
unstealthy
A: change form in water, swift swim
a: Berserk, Trog's Hand, Burn Spellbooks, Renounce Religion


You were on level 7 of the Dungeon.
You worshipped Trog.
Trog was most pleased with you.
You were not hungry.

You visited 1 branch of the dungeon, and saw 7 of its levels.

You collected 347 gold pieces.

Inventory:

Hand Weapons
 a - a +0 spear (weapon)
 x - a cursed -2 mace
 I - the +3 hand axe of Sequestration {freeze, Int+2, unknown}
   (You found it on level 7 of the Dungeon)

   It has been specially enchanted to freeze those struck by it, causing extra
   injury to most foes and up to half again as much damage against particularly
   susceptible opponents.
   It can also slow down cold-blooded creatures.
   It affects your intelligence (+2).
Armour
 b - a +0 animal skin
 e - a +0 scale mail (worn)
 m - a +0 pair of boots (worn)
 s - a +1 hat
 H - a +2 helmet (worn)
Jewellery
 D - an uncursed amulet of guardian spirit {unknown}
 L - an uncursed ring of stealth {unknown}
Wands
 y - a wand of confusion (26/48)
 A - a wand of digging (9/24)
 B - a wand of slowing (36/48)
 G - a wand of paralysis (15/24)
Scrolls
 h - 4 scrolls of identify
 i - a scroll of fear
 j - 5 scrolls of teleportation
 k - a scroll of enchant armour
 o - 2 scrolls of blinking
 p - 2 scrolls of enchant weapon {unknown}
 q - a scroll of amnesia {unknown}
 v - 3 scrolls of remove curse {unknown}
 E - a scroll of fog {unknown}
 F - a scroll of acquirement {unknown}
 K - a scroll of recharging {unknown}
Potions
 d - 2 potions of invisibility {unknown}
 g - 2 potions of haste {unknown}
 l - a potion of magic {unknown}
 n - 4 potions of heal wounds {unknown}
 r - a potion of degeneration {unknown}
 t - a potion of berserk rage {unknown}
 u - a potion of curing {unknown}
 w - a potion of brilliance {unknown}
 z - 2 potions of agility {unknown}
 C - a potion of mutation {unknown}
Comestibles
 c - 4 bread rations
 f - 2 meat rations


   Skills:
 - Level 3.2 Fighting
 * Level 15.6 Polearms
 - Level 1.3 Armour
 - Level 2.6 Dodging


You had 8 spell levels left.
You didn't know any spells.

Dungeon Overview and Level Annotations

Branches:
Dungeon (7/15)
 Temple: D:4-7

Altars:
Elyvilon
Kikubaaqudgha
Okawaru
Qazlal
Ru
Trog
Xom

Shops:
D:6 }}%


Message History

The eight-headed hydra bites you!
The eight-headed hydra barely misses you.
The eight-headed hydra misses you.
The eight-headed hydra closely misses you.
The eight-headed hydra bites you!
You hit the eight-headed hydra.
The eight-headed hydra is lightly wounded.
You puncture the eight-headed hydra!
The eight-headed hydra is moderately wounded.
You puncture the eight-headed hydra!
The eight-headed hydra is heavily wounded.
The eight-headed hydra bites you!
* * * LOW HITPOINT WARNING * * *
The eight-headed hydra bites you.
* * * LOW HITPOINT WARNING * * *
The eight-headed hydra bites you but does no damage. x2
The eight-headed hydra bites you.
* * * LOW HITPOINT WARNING * * *
The eight-headed hydra bites you!
You die...

##.###...# ##.##
##.## ##.## #.#
#.## ##.# #.#
##)## ##.## +#
#.)###.## ...
#.#.#.## ....
#.#..## .....
####....####......
..........@Dh.....
#####...####......
##..# %.... ##.#
.... #.# ... #.#
+# #.# #.# #.#


You could see an eight-headed hydra and a hound.

Vanquished Creatures
  The ghost of zeroDi the Covert, a novice VSAs (D:6)
  3 orc warriors
  A sky beast (D:5)
  The ghost of Krapule the Ducker, an amateur FeTm (D:4)
  An ogre (D:4)
  4 centaurs
  2 scorpions (D:5)
  A crimson imp (D:6)
  An orc priest (D:6)
  7 orc wizards
  Jessica (D:3)
  An iguana (D:5)
  A worker ant (D:5)
  A killer bee zombie (D:7)
  A howler monkey zombie (D:5)
  A worker ant zombie (D:5)
  7 gnolls
  7 adders
  2 worms
  A dart slug (D:2)
  21 orcs
  3 giant cockroaches
  5 goblins
  A hobgoblin (D:2)
  4 jackals
  5 kobolds
  A quokka (D:4)
  A ball python (D:3)
  2 bats
  A giant cockroach zombie (D:5)
  2 giant newts
  6 rats (D:3)
97 creatures vanquished.

Notes
Turn   | Place    | Note
--------------------------------------------------------------
     0 | D:1      | simples the Merfolk Berserker began the quest for the Orb.
     0 | D:1      | Reached XP level 1. HP: 18/18 MP: 1/1
   258 | D:1      | Reached skill level 5 in Polearms
   498 | D:1      | Reached XP level 2. HP: 24/24 MP: 2/2
   584 | D:2      | Found an ancient bone altar of Kikubaaqudgha.
   910 | D:2      | Reached skill level 6 in Polearms
   910 | D:2      | Reached XP level 3. HP: 21/29 MP: 3/3
   939 | D:2      | Found a sacrificial altar of Ru.
   987 | D:2      | Reached skill level 7 in Polearms
   987 | D:2      | Reached XP level 4. HP: 17/35 MP: 4/4
  1890 | D:3      | Reached ** piety under Trog
  1903 | D:3      | Reached skill level 8 in Polearms
  1903 | D:3      | Reached XP level 5. HP: 41/41 MP: 5/5
  2133 | D:3      | Noticed Jessica
  2138 | D:3      | Killed Jessica
  2868 | D:4      | Noticed an ogre
  2870 | D:4      | Found an iron altar of Okawaru.
  2881 | D:4      | Killed an ogre
  2881 | D:4      | Reached skill level 9 in Polearms
  2881 | D:4      | Reached XP level 6. HP: 47/47 MP: 6/6
  2988 | D:4      | Found a white marble altar of Elyvilon.
  2997 | D:4      | Noticed an orc warrior
  3014 | D:4      | Killed an orc warrior
  3014 | D:4      | Reached skill level 10 in Polearms
  3221 | D:4      | Reached *** piety under Trog
  3222 | D:4      | Reached XP level 7. HP: 52/52 MP: 7/7
  3438 | D:4      | Reached skill level 11 in Polearms
  3826 | D:4      | Noticed Krapule's ghost (amateur FeTm)
  3839 | D:4      | Killed Krapule's ghost
  3896 | D:5      | Entered Level 5 of the Dungeon
  3943 | D:5      | Reached skill level 12 in Polearms
  3978 | D:5      | Found a shimmering altar of Xom.
  4369 | D:5      | Reached XP level 8. HP: 37/58 MP: 8/8
  4548 | D:5      | Reached skill level 13 in Polearms
  4816 | D:5      | Found a stormy altar of Qazlal.
  5338 | D:6      | Reached skill level 14 in Polearms
  5619 | D:6      | Found Wesiarea's Gadget Boutique.
  5631 | D:6      | Found Weisum's Gadget Boutique.
  5710 | D:6      | Found a bloodstained altar of Trog.
  5891 | D:6      | Noticed zeroDi's ghost (novice VSAs)
  5898 | D:6      | Killed zeroDi's ghost
  5898 | D:6      | Reached skill level 15 in Polearms
  6178 | D:6      | Found Aschoicu's Food Shop.
  6556 | D:7      | Got a pitted hand axe
  6639 | D:7      | Reached XP level 9. HP: 63/64 MP: 9/9
  6924 | D:7      | Noticed an eight-headed hydra
  6931 | D:7      | Slain by an eight-headed hydra

Skill      XL: |  1  2  3  4  5  6  7  8 |
---------------+-------------------------+-----
Polearms       | 5 6 7 8 9 10 12 15 | 15.6
Fighting       | |  3.2
Armour         | |  1.3
Dodging        | |  2.6

Action                   |  1- 3 |  4- 6 |  7- 9 || total
-------------------------+-------+-------+-------++-------
Melee: Spear             |   117 |   158 |   302 ||   577
Invok: Berserk           |     1 |     6 |    10 ||    17
       Trog's Hand       |       |       |     2 ||     2
  Use: Scroll            |       |     6 |       ||     6
 Stab: Paralysed         |       |     4 |       ||     4
  Eat: Chunk             |     1 |    13 |    19 ||    33
       Pizza             |       |       |     2 ||     2
Armor: Scale mail        |    38 |    27 |    47 ||   112
Dodge: Dodged            |    48 |    38 |    75 ||   161
